Unix NetHack Version 5.0.0-0 post-release - last build May 23 2026 06:08:33 (1c0ff79ee797540d5714e4e18072db0edd9e58ae,branch:main).

Game began 2026-05-27 04:41:45, ended 2026-05-27 04:50:09.

Haxasaurus, neutral male gnomish Wizard

          --
         --.--- ---- ---
         |* .@.........|
         --hf....0    .-
          |))G.....
          |............
          |...............
          --.....-...........
           -...... -.............
            .....-   ............!.|
           ----...    ...........| |
               -..     ....--.- .|
                ..|    --..| -  --
                 --      -.-
                           .

Haxasaurus the Evoker     St:11 Dx:10 Co:11 In:18 Wi:11 Ch:13  Neutral
Dlvl:3  $:34 HP:0(11) Pw:8(8) AC:9  Xp:1/14 T:587 

Latest messages:
 With great effort you move the boulder.
 You try to move the boulder, but in vain.
 You try to move the boulder, but in vain.
 You try to move the boulder, but in vain.
 You swap places with Pringle.
 You see here 2 cram rations.
 q - 2 cram rations.
 The door resists!
 The door opens.
 You see here a tripe ration.
 r - a tripe ration.
 You swap places with Pringle.
 You swap places with Pringle.
 $ - 13 gold pieces (25 in total).
 $ - 9 gold pieces (34 in total).
 s - a scroll labeled VERR YED HORRE.
 You swap places with Pringle.
 The door resists!
 The door opens.
 This door is locked.
 This door is locked.
 This door is locked.
 In what direction? 4
 Whammm!!
 In what direction? 4
 Thwack!!
 In what direction? 4
 As you kick the door, it crashes open!
 There is a broken door here.
 You hear someone counting gold coins.
 You try to move the boulder, but in vain.
 You see here a statue of a lichen.
 The kobold zombie hits!
 [HP -4, 7 left]
 You destroy the kobold zombie!
 There is a staircase down here.
 You descend the stairs.
 You can't go up here.
 Pick a monster, object or location.
 The kitten bites!
 [HP -5, 2 left]
 The dwarf puts on a crystal plate mail.
 The kitten bites!
 [HP -6, -4 left]
 You die...
 Do you want your possessions identified? n
 Do you want to see your attributes? n
 Do you want an account of creatures vanquished? [ynaq] (y) n
 Do you want to see your conduct and achievements? n
 Do you want to see the dungeon overview? n

Inventory:
 Coins    ('$')
  $ - 34 gold pieces
 Weapons  (')')
  p - a +0 orcish dagger
  a - a blessed +1 quarterstaff (weapon in hands)
 Armor    ('[')
  o - an uncursed +0 cloak of invisibility
  b - an uncursed +0 cloak of magic resistance (being worn)
 Comestibles  ('%')
  q - 2 uncursed cram rations
  r - an uncursed tripe ration
 Scrolls  ('?')
  i - an uncursed scroll of charging
  j - an uncursed scroll of enchant armor
  s - an uncursed scroll of identify
  k - an uncursed scroll of light
 Spellbooks  ('+')
  m - an uncursed spellbook of detect monsters
  l - a blessed spellbook of force bolt
 Potions  ('!')
  h - a blessed potion of booze
  g - an uncursed potion of gain energy
  f - an uncursed potion of water
 Rings    ('=')
  d - an uncursed +1 ring of increase damage
  e - an uncursed ring of sustain ability
 Wands    ('/')
  c - a wand of death (0:6)
 Tools    ('(')
  n - a magic marker (0:20)
 Special
 (list likely candidates)

Haxasaurus the Wizard's attributes:

Background:
 You were an Evoker, a level 1 male gnomish Wizard.
 You were neutral, on a mission for Thoth
 who was opposed by Ptah (lawful) and Anhur (chaotic).
 You were right-handed.
 You were in the Gnomish Mines, on level 3.
 You entered the dungeon 587 turns ago.
 It was nighttime.
 You had 14 experience points, 6 more were needed to attain level 2.

Basics:
 You had 0 out of 11 hit points.
 You had all 8 energy points (spell power).
 Your armor class was 9.
 Your wallet contained 34 zorkmids.
 Autopickup was on for '$"=/!?' plus thrown, with exceptions.

Final Characteristics:
 Your strength was 11 (limit:18/50).
 Your dexterity was 10 (limit:18).
 Your constitution was 11 (limit:18).
 Your intelligence was 18 (limit:19).
 Your wisdom was 11 (limit:18).
 Your charisma was 13 (limit:18).

Final Status:
 You weren't hungry.
 You were unencumbered.
 You were wielding a quarterstaff.
 You had basic skill with quarterstaff.

Final Attributes:
 You were stridently aligned.
 You were magic-protected.
 You had infravision.
 You were warded.
 You are dead.

Miscellaneous:
 You encountered 1 bones level.
 Total elapsed playing time was 8 minutes and 22 seconds.

Major events:
 Turn
    1: Haxasaurus the neutral male gnomish Wizard entered the dungeon
  586: entered the Gnomish Mines
  587: killed by a kitten

Spells:
 Name                 Level Category     Fail Retention
 force bolt             1   attack         0%  91%-100%
 detect monsters        1   divination     0%  76%-100%

Skills:
 Fighting Skills
   bare handed combat [Unskilled]
   riding             [Unskilled]
 Weapon Skills
   dagger             [Unskilled]
   knife              [Unskilled]
   axe                [Unskilled]
   short sword        [Unskilled]
   club               [Unskilled]
   mace               [Unskilled]
   quarterstaff       [Basic]
   polearms           [Unskilled]
   spear              [Unskilled]
   trident            [Unskilled]
   sling              [Unskilled]
   dart               [Unskilled]
   shuriken           [Unskilled]
 Spellcasting Skills
   attack spells      [Basic]
   healing spells     [Unskilled]
   divination spells  [Unskilled]
   enchantment spells [Basic]
   clerical spells    [Unskilled]
   escape spells      [Unskilled]
   matter spells      [Unskilled]

Voluntary challenges:
 Character rerolling was not enabled.
 You went without food.
 You were an atheist.
 You were illiterate.
 You never genocided any monsters.
 You never polymorphed an object.
 You never changed form.
 You used no wishes.
Achievement:
 You entered the Gnomish Mines.

 The Dungeons of Doom: levels 1 to 2
    Level 1:
    Level 2:
       Stairs down to The Gnomish Mines.
 The Gnomish Mines:
    Level 3: <- You were here.
       Final resting place for
          you, killed by a kitten,
          atorox-Tou-Hum-Mal-Neu, killed by a dwarf.


Vanquished creatures:
  a jackal
  2 foxes
  a goblin
  3 grid bugs
  a kobold zombie
  a newt
9 creatures vanquished.

No species were genocided or became extinct.

Game over:
                       ----------
                      /          \
                     /    REST    \
                    /      IN      \
                   /     PEACE      \
                  /                  \
                  |    Haxasaurus    |
                  |      34 Au       |
                  |   killed by a    |
                  |      kitten      |
                  |                  |
                  |                  |
                  |       2026       |
                 *|     *  *  *      | *
        _________)/\\_//(\/(/\)/\//\/|_)_______

Goodbye Haxasaurus the Wizard...

You died in The Gnomish Mines on dungeon level 3 with 187 points,
and 34 pieces of gold, after 587 moves.
You were level 1 with a maximum of 11 hit points when you died.

